Map: Orbital Shipyard

Players

Infamis - Winner!

  • Race: Terran Terran
  • League: Gold

LilDicky

  • Race: Zerg Zerg
  • League: Diamond

VOD

http://www.twitch.tv/tumescentpie

Description

Time

  • Played on: Nov. 25, 2015, 11:56 a.m.
  • Length: 13:09
Show
View Real Time Build Order
Export as new Build Order

Infamis Terran - Winner!

Build Orders: Mech 

Get SALT Encoding   

  12  0:01  SCV  
  13  0:13  SCV  
  14  0:22  Supply Depot  
  14  0:25  SCV  
  15  0:44  SCV  
  15  0:45  Barracks  
  16  0:56  SCV  
  17  0:58  Refinery  
  17  1:08  SCV  
  18  1:20  SCV  
  19  1:31  Command Center  
  19  1:34  SCV  
  20  1:41  Reaper  
  21  1:47  Supply Depot  
  21  1:51  SCV  
  22  2:00  Refinery  
  22  2:04  SCV  
  23  2:17  Orbital Command  
  23  2:28  Barracks Reactor  
  23  2:35  Factory  
  23  2:50  SCV  
  24  2:56  Supply Depot  
  24  3:02  SCV  
  25  3:13  Factory  
  25  3:14  SCV  
  26  3:26  SCV  
  27  3:38  SCV  
  28  3:44  Hellion x2  
  32  3:48  Starport  
  32  3:50  Orbital Command  
  32  3:52  SCV  
  33  4:03  Factory Tech Lab  
  33  4:04  SCV  
  33  4:05  Hellion x2  
  33  4:08  Factory  
  38  4:16  SCV  
  39  4:20  SCV  
  40  4:24  Refinery, Liberator  
  40  4:25  Refinery  
  40  4:27  Hellion  
  40  4:28  SCV  
  40  4:29  Hellion  
  48  4:46  SCV x2  
  48  4:50  Supply Depot  
  48  4:51  Supply Depot  
  48  4:52  Hellion  
  54  5:07  Hellion  
  54  5:14  Hellion  
  54  5:26  Starport Reactor  
  56  5:28  Factory Tech Lab, Hellion  
  56  5:35  Hellion  
  58  5:36  SCV  
  59  5:44  Starport  
  59  5:48  SCV  
  60  5:52  Engineering Bay  
  60  5:54  Armory  
  60  5:55  Hellion  
  60  5:56  Hellion  
  64  6:02  SCV, Siege Tank  
  68  6:08  Supply Depot  
  68  6:29  Siege Tank  
  66  6:44  Thor  
  70  6:48  Missile Turret  
  58  7:01  Hellion x2  
  60  7:11  Siege Tank  
  60  7:12  Terran Vehicle Weapons Level 1  
  63  7:17  SCV  
  63  7:22  Missile Turret  
  64  7:27  Command Center  
  64  7:29  SCV  
  65  7:35  Supply Depot  
  65  7:36  Liberator x2  
  65  7:37  Liberator  
  65  7:41  SCV  
  66  7:53  SCV  
  76  8:00  SCV  
  76  8:02  Thor, Missile Turret  
  76  8:05  SCV  
  84  8:07  Supply Depot  
  84  8:12  Missile Turret  
  83  8:18  Liberator  
  83  8:19  Liberator x2  
  82  8:24  Missile Turret  
  88  8:52  Thor  
  88  8:54  Thor  
  100  9:01  Liberator  
  103  9:29  SCV x2  
  105  9:38  Thor  
  108  9:41  SCV  
  106  9:47  Liberator x2  
  106  9:48  Liberator  
  109  10:19  Supply Depot  
  109  10:22  Orbital Command  
  109  10:27  Supply Depot  
  109  10:34  Supply Depot  
  109  10:35  Supply Depot  
  109  10:40  Thor  
  109  10:41  Hellion  
  117  10:49  Hellion  
  119  10:51  Thor  
  125  11:02  Hellion  
  129  11:11  Hellion  
  129  11:38  Hellion  
  107  11:52  Hellion x2, Orbital Command  
  111  12:00  Hellion  
  113  12:13  Hellion  
  115  12:18  Refinery  
  115  12:22  Refinery  
  115  12:32  SCV  
  115  12:35  Factory Reactor  
  116  12:39  Hellion x2  
  120  12:44  SCV  
  120  12:49  Supply Depot  
  124  12:56  SCV  
Show
View Real Time Build Order
Export as new Build Order

LilDicky Zerg 

Build Orders: 3 Hatch before Pool 

Get SALT Encoding   

  12  0:04  Drone  
  13  0:11  Drone  
  14  0:18  Drone, Extractor  
  14  0:22  Extractor  
  14  0:23  Drone  
  14  0:27  Overlord  
  16  0:52  Hatchery  
  16  0:55  Drone  
  16  0:57  Drone  
  16  1:03  Drone  
  18  1:23  Hatchery  
  17  1:37  Spawning Pool  
  17  1:38  Drone  
  17  1:41  Drone  
  17  1:44  Drone  
  19  1:49  Drone  
  20  2:06  Drone x2  
  20  2:07  Extractor  
  21  2:12  Drone  
  22  2:18  Drone  
  23  2:24  Queen  
  23  2:25  Queen  
  27  2:38  Zergling x6  
  27  2:39  Zergling x2  
  31  2:47  Spine Crawler  
  30  2:55  Extractor  
  29  3:05  Queen  
  31  3:06  Zergling x2  
  32  3:19  Metabolic Boost  
  32  3:39  Drone  
  32  3:40  Drone  
  34  3:48  Overlord x2  
  34  4:09  Lair  
  34  4:17  Queen  
  36  4:26  Drone, Extractor  
  36  4:27  Drone x14  
  36  4:28  Extractor  
  49  4:39  Drone  
  47  5:03  Roach Warren  
  41  5:27  Spire  
  40  5:50  Drone  
  40  5:51  Drone x9  
  40  5:52  Overlord  
  40  5:53  Overlord x3  
  50  6:09  Glial Reconstitution  
  50  6:22  Roach x12  
  50  6:23  Roach x2  
  72  6:35  Roach  
  65  6:41  Mutalisk  
  65  6:42  Mutalisk x3  
  65  6:45  Drone  
  66  7:03  Mutalisk  
  66  7:04  Mutalisk  
  66  7:06  Mutalisk  
  72  7:12  Drone  
  73  7:31  Mutalisk x3  
  79  7:48  Ravager  
  79  7:49  Ravager x2  
  82  7:58  Overlord  
  82  7:59  Overlord x2  
  82  8:49  Corruptor x4  
  82  8:52  Drone  
  91  9:19  Drone x7  
  76  10:00  Corruptor x2  
  76  10:01  Corruptor x3  
  84  10:16  Corruptor  
  84  10:17  Corruptor  
  84  10:18  Drone  
  84  10:19  Drone  
  90  10:27  Ravager x2  
  90  10:28  Ravager x3  
  95  10:33  Drone  
  95  10:34  Drone x2  
  98  10:44  Queen  
  97  11:23  Corruptor x3  
  97  11:24  Corruptor  
Tags
 
Add a new tag
Caveats
  • Supply blocks, unpowered buildings, or Contaminate may cause inaccurate times.
  • Supply counts are checked every 10 seconds.